ITL
TUSCALOOSA TROUT SLAYERS @ AMARILLO ARCHDUKES
07/30/2030
 
TOP OF THE 1ST
Tuscaloosa Trout Slayers batting - Pitching for Amarillo Archdukes : RHP Robinson Alomar
Pitching: RHP Robinson Alomar
Batting: LHB Manuel Ortega 0-0: Ball
1-0: Called Strike
1-1: Foul Ball, location: 2F
1-2: Ball
2-2: Ball
3-2: Foul Ball, location: 2F
3-2: Foul Ball, location: 2F
3-2: Foul Ball, location: 2F
3-2: SINGLE (Line Drive, 4M)
Batting: RHB José Pinto 0-0: Swinging Strike
0-1: Ball
1-1: Ball
Manuel Ortega steals 2nd base
2-1: Ball
3-1: SINGLE (Groundball, 4MD)
Manuel Ortega to third
Batting: LHB José Delgado 0-0: Ball
1-0: SINGLE (Groundball, 34S) (infield hit)
Manuel Ortega scores
José Pinto to second
Batting: LHB Marcos Villarreal 0-0: Called Strike
0-1: Called Strike
0-2: SINGLE (Line Drive, 5L)
José Pinto to third
José Delgado to second
Runner from 3rd tries for Home, SAFE, no throw
Batting: LHB Ed Hart 0-0: Ball
Wild Pitch!
José Delgado to third
Marcos Villarreal to second
1-0: Foul Ball, location: 2F
1-1: Ground out 5-3 (Groundball, 5L)
Batting: LHB Ethan Shaw 0-0: SINGLE (Groundball, 56) (infield hit)
José Delgado scores
Marcos Villarreal to third
Batting: RHB Augusto Baca 0-0: Ball
1-0: Called Strike
1-1: Fielders Choice at 2nd, 4-6 (Groundball, 34)
Marcos Villarreal scores
Batting: SHB António Ramírez 0-0: Foul Ball, location: 2F
0-1: Foul Ball, location: 2F
0-2: Ball
1-2: Strikes out looking
Top of the 1st over - 4 runs, 5 hits, 0 errors, 1 left on base; Tuscaloosa 4 - Amarillo 0
BOTTOM OF THE 1ST
Amarillo Archdukes batting - Pitching for Tuscaloosa Trout Slayers : RHP Rafael Ramírez
Pitching: RHP Rafael Ramírez
Batting: RHB Xie-li Fong 0-0: Ground out 6-3 (Groundball, 6)
Batting: RHB Fernando Castellanos 0-0: Called Strike
0-1: Called Strike
0-2: Ball
1-2: Strikes out swinging
Batting: RHB David Alonso 0-0: Ball
1-0: Called Strike
1-1: Fly out, F4 (Line Drive, 34)
Bottom of the 1st over - 0 runs, 0 hits, 0 errors, 0 left on base; Tuscaloosa 4 - Amarillo 0
TOP OF THE 2ND
Tuscaloosa Trout Slayers batting - Pitching for Amarillo Archdukes : RHP Robinson Alomar
Batting: RHB Greg Lee 0-0: Ball
1-0: Swinging Strike
1-1: Called Strike
1-2: Foul Ball, location: 2F
1-2: Foul Ball, location: 2F
1-2: Ball
2-2: Strikes out swinging
Batting: LHB Manuel Ortega 0-0: Ground out 5-3 (Groundball, 5)
Batting: RHB José Pinto 0-0: Called Strike
0-1: Ball
1-1: Ball
2-1: Ball
3-1: Ground out 6-3 (Groundball, 6)
Top of the 2nd over - 0 runs, 0 hits, 0 errors, 0 left on base; Tuscaloosa 4 - Amarillo 0
BOTTOM OF THE 2ND
Amarillo Archdukes batting - Pitching for Tuscaloosa Trout Slayers : RHP Rafael Ramírez
Batting: LHB John Frost 0-0: Called Strike
0-1: Swinging Strike
0-2: Ball
1-2: Strikes out swinging
Batting: LHB António Chávez 0-0: Ball
1-0: Ball
2-0: Swinging Strike
2-1: Swinging Strike
2-2: Strikes out swinging
Batting: LHB José Martínez 0-0: Ball
1-0: Called Strike
1-1: Called Strike
1-2: Ball
2-2: Ball
3-2: Base on Balls
Batting: SHB Jeff Chambers 0-0: Ball
1-0: Foul Ball, location: 2F
1-1: Ball
2-1: Swinging Strike
2-2: Foul Ball, location: 2F
2-2: Ball
3-2: SINGLE (Line Drive, 6D)
José Martínez to second
José Martínez to third
Batting: RHB Rich Henley 0-0: Called Strike
0-1: Called Strike
0-2: Strikes out looking
Bottom of the 2nd over - 0 runs, 1 hit, 0 errors, 2 left on base; Tuscaloosa 4 - Amarillo 0
TOP OF THE 3RD
Tuscaloosa Trout Slayers batting - Pitching for Amarillo Archdukes : RHP Robinson Alomar
Batting: LHB José Delgado 0-0: DOUBLE (Line Drive, 9LM)
Batting: LHB Marcos Villarreal 0-0: SINGLE (Groundball, 34D)
José Delgado to third
Batting: LHB Ed Hart 0-0: 3-RUN HOME RUN (Line Drive, 89XD), Distance : 366 ft
Batting: LHB Ethan Shaw 0-0: Foul Ball, location: 2F
0-1: Called Strike
0-2: Ball
1-2: Ball
2-2: Foul Ball, location: 2F
2-2: Fly out, F9 (Flyball, 9)
Batting: RHB Augusto Baca 0-0: Ball
1-0: Ball
2-0: Ball
3-0: Called Strike
3-1: Foul Ball, location: 2F
3-2: Foul Ball, location: 2F
3-2: Hit by Pitch
Batting: SHB António Ramírez 0-0: Ball
1-0: Swinging Strike
1-1: Swinging Strike
1-2: Strikes out swinging
Batting: RHB Greg Lee 0-0: Called Strike
0-1: DOUBLE (Line Drive, 5D)
Augusto Baca to third
Batting: LHB Manuel Ortega 0-0: Foul Ball, location: 2F
0-1: Foul Ball, location: 2F
0-2: Ball
1-2: SINGLE (Groundball, 6M) (infield hit)
Augusto Baca scores
Greg Lee to third
Batting: RHB José Pinto 0-0: Called Strike
0-1: Fielders Choice at 2nd, 6-4 (Groundball, 6)
Top of the 3rd over - 4 runs, 5 hits, 0 errors, 2 left on base; Tuscaloosa 8 - Amarillo 0
BOTTOM OF THE 3RD
Amarillo Archdukes batting - Pitching for Tuscaloosa Trout Slayers : RHP Rafael Ramírez
Batting: RHB Herb Bunch 0-0: Ball
1-0: Ball
2-0: Ball
3-0: Base on Balls
Batting: RHB Xie-li Fong 0-0: SINGLE (Line Drive, 7S)
Herb Bunch to second
Batting: RHB Fernando Castellanos 0-0: Ball
1-0: Ball
2-0: Swinging Strike
2-1: Ball
3-1: Base on Balls
Herb Bunch to third
Xie-li Fong to second
Batting: RHB David Alonso 0-0: Grounds into double play, 6-4-3 (Groundball, 6)
Herb Bunch scores
Xie-li Fong to third
Batting: LHB John Frost 0-0: SINGLE (Flyball, 8LS)
Xie-li Fong scores
Batting: LHB António Chávez 0-0: Called Strike
0-1: Ball
1-1: Foul Ball, location: 2F
1-2: Ball
2-2: Ball
3-2: Strikes out swinging
Bottom of the 3rd over - 2 runs, 2 hits, 0 errors, 1 left on base; Tuscaloosa 8 - Amarillo 2
TOP OF THE 4TH
Tuscaloosa Trout Slayers batting - Pitching for Amarillo Archdukes : RHP Robinson Alomar
Batting: LHB José Delgado 0-0: Ball
1-0: Ball
2-0: Ball
3-0: Base on Balls
Pitching: RHP Wilson Molina
Batting: LHB Marcos Villarreal 0-0: Called Strike
0-1: SINGLE (Groundball, 56D)
José Delgado to second
Batting: LHB Ed Hart 0-0: Grounds into double play, 6-4-3 (Groundball, 6)
José Delgado to third
Batting: LHB Ethan Shaw 0-0: Ball
1-0: Ball
2-0: Fly out, F7 (Flyball, 7)
Top of the 4th over - 0 runs, 1 hit, 0 errors, 1 left on base; Tuscaloosa 8 - Amarillo 2
BOTTOM OF THE 4TH
Amarillo Archdukes batting - Pitching for Tuscaloosa Trout Slayers : RHP Rafael Ramírez
Batting: LHB José Martínez 0-0: Called Strike
0-1: Foul Ball, location: 2F
0-2: Ball
1-2: Ball
2-2: Foul Ball, location: 2F
2-2: Ground out 3-1 (Groundball, 34)
Batting: SHB Jeff Chambers 0-0: Swinging Strike
0-1: Foul Ball, location: 2F
0-2: Foul Ball, location: 2F
0-2: Hit by Pitch
Batting: RHB Rich Henley 0-0: SINGLE (Groundball, 56D)
Jeff Chambers to second
Batting: RHB Herb Bunch 0-0: Foul Ball, location: 2F
0-1: Foul Ball, location: 2F
0-2: Ball
1-2: Strikes out swinging
Batting: RHB Xie-li Fong 0-0: Fly out, F7 (Flyball, 7D)
Bottom of the 4th over - 0 runs, 1 hit, 0 errors, 2 left on base; Tuscaloosa 8 - Amarillo 2
TOP OF THE 5TH
Tuscaloosa Trout Slayers batting - Pitching for Amarillo Archdukes : RHP Wilson Molina
Batting: RHB Augusto Baca 0-0: Ball
1-0: Called Strike
1-1: SOLO HOME RUN (Line Drive, 7D), Distance : 369 ft
Batting: SHB António Ramírez 0-0: Ball
1-0: Foul Ball, location: 2F
1-1: Ball
2-1: DOUBLE (Flyball, 8LD)
Batting: RHB Greg Lee 0-0: Ball
1-0: Fly out, F4 (Line Drive, 4)
Batting: LHB Manuel Ortega 0-0: Ball
1-0: Ball
2-0: Called Strike
2-1: DOUBLE (Line Drive, 89D)
António Ramírez scores
Batting: RHB José Pinto 0-0: Called Strike
0-1: Foul Ball, location: 2F
0-2: Ball
1-2: Strikes out swinging
Batting: LHB José Delgado 0-0: Called Strike
0-1: Ball
1-1: Ball
2-1: Ball
3-1: Base on Balls
Batting: LHB Marcos Villarreal 0-0: Ball
1-0: Foul Ball, location: 2F
1-1: Foul Ball, location: 2F
1-2: Ball
2-2: Strikes out looking
Top of the 5th over - 2 runs, 3 hits, 0 errors, 2 left on base; Tuscaloosa 10 - Amarillo 2
BOTTOM OF THE 5TH
Amarillo Archdukes batting - Pitching for Tuscaloosa Trout Slayers : RHP Rafael Ramírez
Batting: RHB Fernando Castellanos 0-0: Ball
1-0: Ball
2-0: Foul Ball, location: 2F
2-1: Swinging Strike
2-2: Foul Ball, location: 2F
2-2: Foul Ball, location: 2F
2-2: Ball
3-2: Base on Balls
Batting: RHB David Alonso 0-0: Called Strike
0-1: Ball
1-1: SINGLE (Line Drive, 4)
Fernando Castellanos to second
Batting: LHB John Frost 0-0: Ball
1-0: Ball
2-0: Ball
3-0: Called Strike
3-1: Base on Balls
Fernando Castellanos to third
David Alonso to second
Batting: LHB António Chávez 0-0: Called Strike
0-1: Ball
1-1: Foul Ball, location: 2F
1-2: Ball
2-2: GRAND SLAM HOME RUN (Flyball, 7LD), Distance : 308 ft
Batting: LHB José Martínez 0-0: Ball
1-0: Swinging Strike
1-1: Foul Ball, location: 2F
1-2: Strikes out swinging
Batting: SHB Jeff Chambers 0-0: Ball
1-0: Ball
2-0: Foul Ball, location: 2F
2-1: Foul Ball, location: 2F
2-2: Ground out 5-3 (Groundball, 56S)
Batting: RHB Rich Henley 0-0: Ball
1-0: Ball
2-0: Ball
3-0: Called Strike
3-1: Ground out 3-1 (Groundball, 34)
Bottom of the 5th over - 4 runs, 2 hits, 0 errors, 0 left on base; Tuscaloosa 10 - Amarillo 6
TOP OF THE 6TH
Tuscaloosa Trout Slayers batting - Pitching for Amarillo Archdukes : RHP Wilson Molina
Pitching: RHP Ignacio Beltrán
Batting: LHB Ed Hart 0-0: Called Strike
0-1: Ball
1-1: Ball
2-1: Ball
3-1: Base on Balls
Batting: LHB Ethan Shaw 0-0: Foul Ball, location: 2F
0-1: Ball
1-1: Foul Ball, location: 2F
1-2: Strikes out swinging
Batting: RHB Augusto Baca 0-0: Foul Ball, location: 2F
0-1: Ball
1-1: Called Strike
1-2: Ball
2-2: Strikes out looking
Batting: SHB António Ramírez 0-0: Foul Ball, location: 2F
0-1: Called Strike
0-2: Ball
1-2: Ball
2-2: Ball
3-2: Base on Balls
Ed Hart to second
Batting: RHB Greg Lee 0-0: Called Strike
0-1: Ball
1-1: Called Strike
1-2: Foul Ball, location: 2F
1-2: Ball
2-2: Ball
3-2: Strikes out swinging
Top of the 6th over - 0 runs, 0 hits, 0 errors, 2 left on base; Tuscaloosa 10 - Amarillo 6
BOTTOM OF THE 6TH
Amarillo Archdukes batting - Pitching for Tuscaloosa Trout Slayers : RHP Rafael Ramírez
Pitching: LHP Luis López
Batting: RHB Herb Bunch 0-0: Foul Ball, location: 2F
0-1: Ball
1-1: Foul Ball, location: 2F
1-2: Foul Ball, location: 2F
1-2: Fly out, F4 (Line Drive, 4)
Batting: RHB Xie-li Fong 0-0: Called Strike
0-1: SINGLE (Groundball, 4MD)
Batting: RHB Fernando Castellanos 0-0: Grounds into double play, 6-4-3 (Groundball, 6)
Bottom of the 6th over - 0 runs, 1 hit, 0 errors, 0 left on base; Tuscaloosa 10 - Amarillo 6
TOP OF THE 7TH
Tuscaloosa Trout Slayers batting - Pitching for Amarillo Archdukes : RHP Ignacio Beltrán
Batting: LHB Manuel Ortega 0-0: Ball
1-0: Ball
2-0: Foul Ball, location: 2F
2-1: Ball
3-1: Base on Balls
Batting: RHB José Pinto 0-0: Ball
1-0: Bunted foul
1-1: Sac Bunt - play at first, batter OUT! 3-4
Manuel Ortega to second
Batting: LHB José Delgado 0-0: Called Strike
Manuel Ortega steals 3rd base
0-1: Foul Ball, location: 2F
0-2: Ball
1-2: Ball
2-2: Strikes out swinging
Batting: LHB Marcos Villarreal 0-0: Ball
1-0: Ball
2-0: SINGLE (Line Drive, 34D)
Manuel Ortega scores
Batting: LHB Ed Hart 0-0: Ball
1-0: Ball
2-0: Ball
3-0: Base on Balls
Marcos Villarreal to second
Pitching: LHP Tim Miller
Batting: LHB Ethan Shaw 0-0: Called Strike
0-1: Foul Ball, location: 2F
0-2: Ball
1-2: Ball
2-2: Fielders Choice at 2nd, 6-4 (Groundball, 6)
Top of the 7th over - 1 run, 1 hit, 0 errors, 2 left on base; Tuscaloosa 11 - Amarillo 6
BOTTOM OF THE 7TH
Amarillo Archdukes batting - Pitching for Tuscaloosa Trout Slayers : LHP Luis López
Batting: RHB David Alonso 0-0: Called Strike
0-1: Foul Ball, location: 2F
0-2: Strikes out swinging
Batting: LHB John Frost 0-0: Foul Ball, location: 2F
0-1: Called Strike
0-2: DOUBLE (Flyball, 78D)
Batting: LHB António Chávez 0-0: Ball
1-0: Ball
2-0: SINGLE (Groundball, 4MD)
John Frost to third
Runner from 3rd tries for Home, SAFE, no throw
Batting: LHB José Martínez 0-0: Swinging Strike
0-1: Foul Ball, location: 2F
0-2: Strikes out looking
Batting: SHB Jeff Chambers Pickoff Throw to First - Out!
Bottom of the 7th over - 1 run, 2 hits, 0 errors, 0 left on base; Tuscaloosa 11 - Amarillo 7
TOP OF THE 8TH
Tuscaloosa Trout Slayers batting - Pitching for Amarillo Archdukes : LHP Tim Miller
Batting: RHB Augusto Baca 0-0: Fly out, F9 (Flyball, 9)
Batting: SHB António Ramírez 0-0: Called Strike
0-1: Ball
1-1: Called Strike
1-2: Strikes out looking
Batting: RHB Greg Lee 0-0: SINGLE (Line Drive, 78M)
Batting: LHB Manuel Ortega 0-0: Ball
1-0: Ball
2-0: Foul Ball, location: 2F
2-1: Called Strike
2-2: SINGLE (Line Drive, 56D)
Greg Lee to second
Batting: RHB José Pinto 0-0: Called Strike
0-1: Foul Ball, location: 2F
0-2: Ball
1-2: Foul Ball, location: 2F
1-2: Foul Ball, location: 2F
1-2: Strikes out swinging
Top of the 8th over - 0 runs, 2 hits, 0 errors, 2 left on base; Tuscaloosa 11 - Amarillo 7
BOTTOM OF THE 8TH
Amarillo Archdukes batting - Pitching for Tuscaloosa Trout Slayers : LHP Luis López
Batting: SHB Jeff Chambers 0-0: Ball
1-0: Called Strike
1-1: Ground out 6-3 (Groundball, 6)
Batting: RHB Rich Henley 0-0: Called Strike
0-1: Ball
1-1: Ball
2-1: Swinging Strike
2-2: Foul Ball, location: 2F
2-2: Foul Ball, location: 2F
2-2: Ball
3-2: Base on Balls
Batting: RHB Herb Bunch 0-0: Ball
1-0: Foul Ball, location: 2F
1-1: SINGLE (Groundball, 34D)
Rich Henley to second
Runner from 2nd tries for 3rd, SAFE, throw made to third
Batting: RHB Xie-li Fong 0-0: Called Strike
0-1: Swinging Strike
0-2: Foul Ball, location: 2F
0-2: Foul Ball, location: 2F
0-2: Ball
1-2: Fly out, F9 (Flyball, 9)
Runner from 3rd tags up, SCORES, throw made
Pitching: RHP Matt McGinnity
Batting: RHB Fernando Castellanos 0-0: Ball
1-0: Fly out, F7 (Flyball, 78XD)
Bottom of the 8th over - 1 run, 1 hit, 0 errors, 1 left on base; Tuscaloosa 11 - Amarillo 8
TOP OF THE 9TH
Tuscaloosa Trout Slayers batting - Pitching for Amarillo Archdukes : LHP Tim Miller
Pitching: RHP Tsugahara Suzuki
Batting: LHB José Delgado 0-0: Ball
1-0: Called Strike
1-1: SINGLE (Line Drive, 9LS)
Batting: LHB Marcos Villarreal 0-0: Called Strike
José Delgado steals 2nd base
0-1: Fly out, F7 (Line Drive, 7)
Batting: LHB Ed Hart 0-0: SINGLE (Groundball, 56D)
José Delgado to third
Batting: LHB Ethan Shaw 0-0: Ball
1-0: Ball
2-0: Ground out U3 (Groundball, 34S)
Ed Hart to second
Batting: RHB Augusto Baca 0-0: Ball
1-0: Foul Ball, location: 2F
1-1: Fly out, F8 (Flyball, 8RD)
Top of the 9th over - 0 runs, 2 hits, 0 errors, 2 left on base; Tuscaloosa 11 - Amarillo 8
BOTTOM OF THE 9TH
Amarillo Archdukes batting - Pitching for Tuscaloosa Trout Slayers : RHP Matt McGinnity
Pitching: RHP Will Tyler
Now at 3B: Dave Hall
Batting: RHB David Alonso 0-0: Called Strike
0-1: Foul Ball, location: 2F
0-2: Strikes out swinging
Batting: LHB John Frost 0-0: Called Strike
0-1: Ball
1-1: Foul Ball, location: 2F
1-2: Foul Ball, location: 2F
1-2: Ball
2-2: Ball
3-2: Base on Balls
Batting: LHB António Chávez 0-0: Ball
1-0: Foul Ball, location: 2F
1-1: Ball
2-1: Called Strike
2-2: Strikes out looking
Batting: LHB José Martínez 0-0: Fly out, F6 (Popup, 56)
Bottom of the 9th over - 0 runs, 0 hits, 0 errors, 1 left on base; Tuscaloosa 11 - Amarillo 8
Saturday, April 7th, 2018 - OOTP Baseball 18.8 Build 76